 Dungeon Crawl Stone Soup version 0.28-a0-1212-gc6b4282bc0 (webtiles) character file.

Game seed: 13756069138401843117

259 Lekart the Skirmisher (level 5, -3/42 (48) HPs)
             Began as a Draconian Chaos Knight on Dec 21, 2021.
             Was a Plaything of Xom.
             Killed from afar by Dowan (5 damage)
             ... with a puff of frost
             ... on level 4 of the Dungeon.
             The game lasted 00:04:12 (3253 turns).

Lekart the Skirmisher (Draconian Chaos Knight)      Turns: 3253, Time: 00:04:12

HP:   -3/42 (48)    AC:  6    Str: 14    XL:     5   Next: 94%
MP:   5/5           EV: 12    Int: 13    God:    Xom [......]
Gold: 156           SH:  0    Dex: 12    Spells: 4/4 levels left

rFire   . . .      SeeInvis .   h - +1 scythe (protect)
rCold   . . .      Faith    .   (shield currently unavailable)
rNeg    . . .      Spirit   .   (armour unavailable)
rPois   .          Reflect  .   (helmet restricted)
rElec   .          Harm     .   e - +0 cloak
rCorr   .          Rampage  .   (no gloves)
Will    .....                   (no boots)
Stlth   +.........              (no amulet)
HPRegen 0.14/turn               (no ring)
MPRegen 0.09/turn               (no ring)

@: brilliant, lethally poisoned (-3 -> -15), lit by a corona, hasted, glowing,
heavily drained, very quick
A: AC +5, unfitting armour, cold-blooded, mutation resistance 1
a: Renounce Religion


You were on level 4 of the Dungeon.
You worshipped Xom.
You were a very special plaything of Xom.
You visited 1 branch of the dungeon, and saw 4 of its levels.

You collected 156 gold pieces.

Inventory:

Hand Weapons
 a - a +0 hand axe of chaos
 h - a +1 scythe of protection (weapon)
Missiles
 i - 14 poisoned darts (quivered)
Armour
 e - a +0 cloak (worn)
Wands
 m - a wand of flame (25)
Scrolls
 b - 4 scrolls of identify {unknown}
 d - a scroll of fear {unknown}
 j - 3 scrolls of enchant armour {unknown}
 l - a scroll of noise {unknown}
Potions
 g - a potion of mutation


   Skills:
 + Level 5.0 Fighting
 + Level 4.9(5.0) Axes
 + Level 0.6(3.1) Polearms
 + Level 3.1 Dodging


You had 4 spell levels left.
You didn't know any spells.
Your spell library was empty.

Dungeon Overview and Level Annotations

Branches:
Dungeon (4/15)
 Temple: D:4-7

Altars:
Xom

Annotations:
D:4 Dowan, Duvessa


Innate Abilities, Weirdness & Mutations

Your plain brown scales are hard. (AC +5)
You cannot fit into any form of body armour.
You are cold-blooded and may be slowed by cold attacks.
You are somewhat resistant to further mutation.


Message History

Dowan hits you but does no damage. Duvessa barely misses you.
Dowan hits you but does no damage.
Duvessa hits you with a +1 short sword of venom!
You are more poisoned.
You are too injured to fight recklessly!
It was a potion of brilliance.
You feel clever all of a sudden.
You feel very sick. Dowan hits you but does no damage.
Duvessa hits you but does no damage.
You are lethally poisoned!
It was a potion of heal wounds.
You feel much better.
Xom is amused.
You feel very sick. "You have grown too confident for your meagre worth."
You feel drained. Dowan hits you but does no damage. Duvessa barely misses you.
Okay, then.
You slash Duvessa!
Duvessa is almost dead.
You feel very sick.
Dowan zaps a wand.
The puff of flame hits you! Duvessa closely misses you.
Dowan says, "Magic and the sword, together, will defeat you."
Dowan hits you with a +0 dagger of protection.
Duvessa says, "When magic and the sword combine, nothing stands against them."
Duvessa hits you but does no damage.
You are lethally poisoned!
It was a potion of mutation.
You feel extremely strange.
You feel robust.
Your urge to shout disappears.
You feel robust.
Xom thinks this is hilarious!
* * * LOW HITPOINT WARNING * * *
You feel very sick.
Dowan hits you with a +0 dagger of protection.
* * * LOW HITPOINT WARNING * * *
Duvessa barely misses you.
It was a potion of haste.
You feel yourself speed up.
* * * LOW HITPOINT WARNING * * *
You feel very sick. Dowan gestures at you while chanting.
The puff of frost hits you.
You die...
Xom laughs nastily!

## . .#
###.#####
###.e..>...
#<.@e......
#.#.#.###..
#.#.# #
#.#.# #.#..
#.### #..
...


You could see Duvessa and Dowan.

Vanquished Creatures
  Sigmund (D:2)
  A hound skeleton (D:2)
  An adder (D:3)
  3 worms
  2 dart slugs (D:2)
  13 ball pythons
  3 bats
  4 endoplasms
  A giant cockroach (D:3)
  8 goblins
  4 hobgoblins
  2 jackals (D:1)
  2 quokkas (D:2)
  3 frilled lizards
  4 kobolds
  6 rats
58 creatures vanquished.

Vanquished Creatures (collateral kills)
  A dart slug (D:2)
  An endoplasm (D:2)
2 creatures vanquished.

Grand Total: 60 creatures vanquished

Notes
Turn   | Place    | Note
-------+----------+-------------------------------------------
     0 | D:1      | Lekart the Draconian Chaos Knight began the quest for the
                  | Orb.
     0 | D:1      | Reached XP level 1. HP: 19/19 MP: 1/1
   445 | D:1      | XOM: silly message
   640 | D:1      | Reached XP level 2. HP: 26/26 MP: 2/2
   652 | D:1      | XOM: silly message
   920 | D:1      | XOM: scenery: create altars
   997 | D:1      | XOM: give mutations
   997 | D:1      | Gained mutation: You have a pair of small horns on your
                  | head. [Xom's mischief]
   997 | D:1      | Gained mutation: You sometimes lose the ability to read
                  | scrolls when taking damage. [Xom's mischief]
   997 | D:1      | Gained mutation: You passively dampen the noise of your
                  | surroundings. [Xom's mischief]
  1037 | D:1      | XOM: scenery: 2 doors open
  1120 | D:1      | Found a faded altar of an unknown god.
  1482 | D:2      | Noticed Sigmund
  1492 | D:2      | XOM: summons friendly white imp
  1497 | D:2      | Killed Sigmund
  1498 | D:2      | Reached skill level 4 in Fighting
  1498 | D:2      | Reached XP level 3. HP: 33/34 MP: 3/3
  1498 | D:2      | Reached XP level 4. HP: 40/41 MP: 4/4
  1498 | D:2      | Reached XP level 5. HP: 46/47 MP: 5/5
  1800 | D:2      | XOM is BORED!
  1800 | D:2      | XOM: give mutations
  1800 | D:2      | Gained mutation: You are somewhat resistant to further
                  | mutation. [Xom's mischief]
  1800 | D:2      | Lost mutation: You sometimes lose the ability to read
                  | scrolls when taking damage. [Xom's mischief]
  1800 | D:2      | Lost mutation: You have a pair of small horns on your head.
                  | [Xom's mischief]
  1800 | D:2      | Gained mutation: You are frail. (-10% HP) [Xom's mischief]
  2261 | D:2      | XOM: give mutations
  2261 | D:2      | Gained mutation: You are weak. (Str -2) [Xom's mischief]
  2261 | D:2      | Lost mutation: You passively dampen the noise of your
                  | surroundings. [Xom's mischief]
  2261 | D:2      | Lost mutation: You are weak. (Str -2) [Xom's mischief]
  2288 | D:2      | Reached skill level 5 in Fighting
  2304 | D:2      | XOM: give mutations
  2304 | D:2      | Gained mutation: You are very frail. (-20% HP) [Xom's
                  | mischief]
  2304 | D:2      | Gained mutation: You occasionally shout uncontrollably at
                  | your foes. [Xom's mischief]
  2541 | D:3      | XOM: summons 1 hostile demon
  2634 | D:3      | XOM: 4-stop teleportation journey
  3243 | D:4      | Noticed Duvessa
  3243 | D:4      | Noticed Dowan
  3250 | D:4      | XOM: draining
  3252 | D:4      | Lost mutation: You are very frail. (-20% HP) [potion of
                  | mutation]
  3252 | D:4      | Lost mutation: You occasionally shout uncontrollably at
                  | your foes. [potion of mutation]
  3252 | D:4      | Lost mutation: You are frail. (-10% HP) [potion of
                  | mutation]
  3253 | D:4      | HP: 2/42 [poisoned by Duvessa]
  3253 | D:4      | Killed from afar by Dowan

Illustrated notes

Levels and vault maps discovered:
D:1:      dpeg_arrival_circle_labyrinth_c, layout_loops_corners,
          chequers_ecumenical_altar_twisty, corexii_leaking_fountain,
          minmay_misc_feat_iff, st_stairs_9
D:2:      minmay_spotlight, layout_basic, grunt_decor_fettered,
          minmay_misc_feat_roman, uniq_sigmund
D:3:      layout_basic, grunt_decor_clamped, minmay_misc_feat_secret_circle,
          grunt_ministairs_12
D:4:      layout_loops_corners, mainiacjoe_overflow_tiny_flanked,
          kennysheep_okawaru_gauntlet, kennysheep_orc_sif_temple, uniq_duvessa,
          uniq_grinder

Skill      XL: |  1  2  3  4  5 |
---------------+----------------+-----
Fighting       | 4 5 |  5.0
Axes           | 4 |  4.9
Dodging        | 3 |  3.1
Polearms       | |  0.6

Action                   |  1- 3 |  4- 6 || total
-------------------------+-------+-------++-------
Melee: Hand axe          |    61 |       ||    61
       Tailslap          |     5 |     9 ||    14
       Headbutt          |     4 |     4 ||     8
       Scythe            |       |   121 ||   121
Throw: Dart              |       |     4 ||     4
  Use: Potion            |       |     4 ||     4
 Stab: Sleeping          |     1 |     1 ||     2
Armor: Skin              |    19 |    74 ||    93
Dodge: Dodged            |    38 |   105 ||   143

Table legend: (Time is in decaauts)
 A = Elapsed time spent in this place.
 B = Non-inter-level travel time spent in this place.
 C = Inter-level travel time spent in this place.
 D = Time resting spent in this place.
 E = Time spent auto-exploring this place.
 F = Levels seen in this place.
 G = Mean time per level.
                   A        B        C        D        E       F      G
               +--------+--------+--------+--------+--------+-----+--------+
         Total |   3364 |   3176 |    188 |      0 |   2648 |   4 |  841.0 |
       Dungeon |   3364 |   3176 |    188 |      0 |   2648 |   4 |  841.0 |
               +--------+--------+--------+--------+--------+-----+--------+

Top non-repeatable levels by time:
     D:1: 1428 daAuts
     D:2: 1004 daAuts
     D:3: 917 daAuts
     D:4: 13 daAuts
